 Dungeon Sprint DCSS version 0.22-a0-32-ga749362 (webtiles) character file.

133 Kidiri the Thaumaturge (level 4, -7/24 HPs)
             Began as a Deep Elf Fire Elementalist on Jan 3, 2018.
             Was an Initiate of Vehumet.
             Killed from afar by a deep elf mage (31 damage)
             ... with a bolt of magma
             ... in the Dungeon (Sprint III: "The Ten Rune Challenge").
             The game lasted 00:02:00 (497 turns).

Kidiri the Thaumaturge (Deep Elf Fire Elementalist)  Turns: 497, Time: 00:02:00

Health: -7/24      AC:  4    Str:  5    XL:     4   Next: 94%
Magic:  12/16      EV: 13    Int: 21    God:    Vehumet [......]
Gold:   32         SH:  0    Dex: 15    Spells: 9/22 levels left

rFire    . . .     SeeInvis .   s - +0 dagger
rCold    . . .     Gourm    .   (no shield)
rNeg     . . .     Faith    .   a - +0 robe
rPois    .         Spirit   .   (no helmet)
rElec    +         Reflect  .   (no cloak)
rCorr    .         Harm     .   (no gloves)
MR       +....     NoTele   +   (no boots)
Stlth    +++.......             (no amulet)
HPRegen  0.08/turn              k - ring of stealth
MPRegen  0.15/turn              (no ring)

@: no status effects
A: thin metallic scales 1, low mp 1, magic resistance 1, electricity resistance,
evolution 1
a: Renounce Religion


You were in the Dungeon.
You worshipped Vehumet.
Vehumet was noncommittal.
You were not hungry.

You visited 1 branch You collected 32 gold pieces.

Inventory:

Hand Weapons
 s - a +0 dagger (weapon)
Armour
 a - a +0 robe (worn)
Jewellery
 k - a ring of stealth (left hand)
Scrolls
 i - a scroll of blinking
 m - a scroll of torment
 n - a scroll of identify
 o - 3 scrolls of remove curse
 q - a scroll of immolation
Potions
 d - a potion of curing
 e - 2 potions of heal wounds
 f - a potion of haste
 g - 2 potions of magic
 h - a potion of berserk rage
 l - 2 potions of mutation
 p - 3 potions of flight
Books
 b - a book of Flames

   Spells                             Type                      Level
   a - Flame Tongue                   Conjuration/Fire             1
   b - Throw Flame                    Conjuration/Fire             2
   c - Conjure Flame                  Conjuration/Fire             3
   d - Inner Flame                    Hexes/Fire                   3
   e - Sticky Flame                   Conjuration/Fire             4
   f - Fireball                       Conjuration/Fire             5
 r - a book of Cantrips

   Spells                             Type                      Level
   a - Confusing Touch                Hexes                        1
   b - Animate Skeleton               Necromancy                   1
   c - Summon Small Mammal            Summoning                    1
   d - Apportation                    Translocation                1
 x - a book of Beasts

   Spells                             Type                      Level
   a - Summon Butterflies             Summoning                    1
   b - Call Canine Familiar           Summoning                    3
   c - Summon Ice Beast               Ice/Summoning                4
   d - Summon Mana Viper              Hexes/Summoning              5
   e - Summon Hydra                   Summoning                    7
Comestibles
 c - 4 rations


   Skills:
 + Level 0.0 Fighting
 + Level 0.0 Short Blades
 + Level 0.0 Armour
 + Level 2.4 Dodging
 - Level 2.4 Stealth
 * Level 9.5 Spellcasting
 + Level 5.3 Conjurations
 + Level 6.3 Fire Magic


You had 9 spell levels left.
You knew the following spells:

 Your Spells              Type           Power        Failure   Level  Hunger
a - Flame Tongue          Conj/Fire      ####.        1%          1    None
b - Throw Flame           Conj/Fire      ####..       1%          2    None
c - Conjure Flame         Conj/Fire      ####....     1%          3    None
d - Inner Flame           Hex/Fire       ###.....     5%          3    None
e - Sticky Flame          Conj/Fire      ####....     6%          4    ##.....


Dungeon Overview and Level Annotations

Branches:
Dungeon (1/1)

Altars:
Elyvilon
Kikubaaqudgha
Sif Muna
Vehumet
Zin
The Shining One


Innate Abilities, Weirdness & Mutations

You are partially covered in thin metallic scales. (AC +2)
Your magical capacity is low. (-10% MP)
You are resistant to hostile enchantments. (MR+)
You are resistant to electric shocks. (rElec)
You evolve.


Message History

There is a fountain of clear blue water here.
You open the door.
Found a glowing silver altar of Zin.
A deep elf mage comes into view.
It is wielding a long sword of holy wrath.
Found a potion of curing.
Found two altars.
There is an open door here.
Casting: Flame Tongue
Confirm with . or Enter, or press ? or * to list all spells.
Aiming: Sticky Flame
Press: ? - help, Shift-Dir - straight line, f - deep elf mage
Aim: a deep elf mage, wielding a long sword of holy wrath (resting)
The sticky flame hits the deep elf mage.
The deep elf mage is lightly wounded.
The deep elf mage shouts!
The deep elf mage is covered in liquid flames!
The deep elf mage burns!
The deep elf mage points at you and mumbles some strange words.
The bolt of magma hits you!
Ouch! That really hurt!
You die...

▓▓▓▓▓▓▓▓▓ ▓▓▓ ..+.....♣
♣.##### ..#....♣♣♣
♣♣.#___# ###....♣.♣
♣..#e@.#
..#....≈.♣♣♣♣.###'#+###+
..#...≈≈♣♣♣.♣.#..........
..#..≈≈≈≈.♣...'.⌠........
#'#..≈≈≈≈≈≈...#...######+
..#.≈≈≈≈≈≈....#.⌠.#
÷.#.≈≈≈≈≈.....#...#
..#.≈≈≈.......#+###
###...........#..[#


You could see a deep elf mage (burning).

Vanquished Creatures
  A water elemental (D)
  A wizard (D)
  A kobold demonologist (D)
  A human (D)
  2 oozes (D)
  A phantom (D)
  2 rats (D)
9 creatures vanquished.

Vanquished Creatures (others)
  2 draconian scorchers (D)
  6 hellions (D)
  A yaktaur (D)
9 creatures vanquished.

Grand Total: 18 creatures vanquished

Notes
Turn   | Place    | Note
-------+----------+-------------------------------------------
     0 | D        | Kidiri the Deep Elf Fire Elementalist began the quest for the Orb.
     0 | D        | Reached XP level 1. HP: 10/10 MP: 6/6
     8 | D        | Reached skill level 4 in Spellcasting
    76 | D        | Reached skill level 5 in Spellcasting
    76 | D        | Reached XP level 2. HP: 15/15 MP: 5/10
   111 | D        | Learned a level 2 spell: Throw Flame
   121 | D        | Killed a hellion
   138 | D        | Killed a hellion
   144 | D        | Killed a hellion
   145 | D        | Killed a hellion
   176 | D        | Gained mutation: You are resistant to electric shocks. (rElec) [potion of mutation]
   176 | D        | Gained mutation: You are partially covered in thin metallic scales. (AC +2) [potion of mutation]
   176 | D        | Gained mutation: You have sharp toenails. [potion of mutation]
   177 | D        | Lost mutation: You have sharp toenails. [potion of mutation]
   177 | D        | Gained mutation: Your magical capacity is low. (-10% MP) [potion of mutation]
   177 | D        | Gained mutation: You are resistant to hostile enchantments. (MR+) [potion of mutation]
   177 | D        | Gained mutation: You evolve. [potion of mutation]
   178 | D        | Killed a yaktaur
   188 | D        | Reached skill level 6 in Spellcasting
   188 | D        | Reached XP level 3. HP: 19/19 MP: 3/11
   193 | D        | Learned a level 3 spell: Conjure Flame
   197 | D        | Learned a level 3 spell: Inner Flame
   210 | D        | Killed a hellion
   235 | D        | Killed a hellion
   254 | D        | Noticed a water elemental
   256 | D        | Killed a water elemental
   256 | D        | Reached skill level 8 in Spellcasting
   256 | D        | Reached skill level 5 in Fire Magic
   256 | D        | Reached XP level 4. HP: 24/24 MP: 6/15
   263 | D        | Learned a level 4 spell: Sticky Flame
   301 | D        | Killed a white draconian scorcher
   318 | D        | Found a radiant altar of Vehumet.
   319 | D        | Found a deep blue altar of Sif Muna.
   319 | D        | Found an ancient bone altar of Kikubaaqudgha.
   319 | D        | Noticed a wizard
   321 | D        | Killed a wizard
   321 | D        | Reached skill level 9 in Spellcasting
   321 | D        | Reached skill level 5 in Conjurations
   322 | D        | Noticed a red devil
   341 | D        | Killed a white draconian scorcher
   343 | D        | Became a worshipper of Vehumet
   494 | D        | Found a glowing silver altar of Zin.
   495 | D        | Found a glowing golden altar of the Shining One.
   495 | D        | Found a white marble altar of Elyvilon.
   495 | D        | Noticed a deep elf mage
   497 | D        | Killed from afar by a deep elf mage

Vault maps used:
D:        dungeon_sprint_mu

Skill      XL: |  1  2  3  4 |
---------------+-------------+-----
Spellcasting   | 5 6 8 9 |  9.5
Conjurations   | 2 3 4 5 |  5.3
Fire Magic     | 4 5 6 |  6.3
Dodging        | |  2.4
Stealth        | |  2.4

Action                   |  1- 3 |  4- 6 || total
-------------------------+-------+-------++-------
 Cast: Flame Tongue      |    16 |     1 ||    17
       Throw Flame       |     2 |       ||     2
       Conjure Flame     |     1 |       ||     1
       Sticky Flame      |       |     3 ||     3
  Use: Potion            |     2 |       ||     2
       Scroll            |       |     2 ||     2
Armor: Robe              |       |     1 ||     1
Dodge: Dodged            |     2 |       ||     2

Table legend:
 A = Spawn XP
 B = Non-spawn XP
 C = Spawn XP percentage of total XP
 D = Spawn monster count
 E = Non-spawn monster count
 F = Spawn count percentage of total count
 G = Total turns spent on level
                    A         B        C        D         E        F      G
               +---------+---------+-------+---------+---------+-------+---------
         Total |       0 |     191 |   0.0 |       0 |       9 |   0.0 |   497
               +---------+---------+-------+---------+---------+-------+---------
             D |       0 |     191 |   0.0 |       0 |       9 |   0.0 |   497
               +---------+---------+-------+---------+---------+-------+---------
